 Dungeon Sprint DCSS version 0.17-a0-1718-g72dbe4d (webtiles) character file.

1100000 ztt the Conqueror (level 15, -9/174 HPs)
             Began as a Ghoul Wanderer on Aug 26, 2015.
             Was a Believer of Makhleb.
             Mangled by a meat berserker
             ... wielding a +9 battleaxe
              (42 damage)
             ... in the Dungeon (Sprint VIII: "Arena of Blood").
             The game lasted 00:00:24 (11 turns).

ztt the Conqueror (Ghoul Wanderer)                    Turns: 11, Time: 00:00:24

Health: -9/174     AC: 15    Str: 25    XL:     15   Next: 64%
Magic:  14/14      EV: 12    Int:  5    God:    Makhleb [**....]
Gold:   0          SH:  0    Dex:  8    Spells: 0 memorised, 14 levels left

rFire  . . .     SeeInvis .     k - +∞ Axe of Woe
rCold  + . .     Clarity  .     a - +2 scale mail
rNeg   + + +     SustAt   .     (no shield)
rPois  ∞         Gourm    .     (no helmet)
rElec  .         Spirit   .     (no cloak)
rCorr  .         Warding  .     (no gloves)
rMut   .         NoTele   +     (no boots)
MR     +....                    (no amulet)
Stlth  ..........               (no ring)
                                (no ring)

@: rotting, somewhat resistant to hostile enchantments, extremely unstealthy
A: rotting body, claws 1, carnivore 3, cold resistance 1, negative energy
resistance 3, slow healing 1, torment resistance, unbreathing
a: Minor Destruction, Renounce Religion


You were in the Dungeon.
You worshipped Makhleb.
Makhleb was pleased with you.
You were not hungry.

You visited 1 branch

Inventory:

Hand weapons
 b - a +0 mace
 c - a +0 hand axe
 k - the +∞ Axe of Woe (weapon)
   (You found it in the Dungeon)
Armour
 a - a +2 scale mail (worn)
Scrolls
 j - a scroll of blinking
Potions
 e - a potion of curing
 f - a potion of heal wounds
 g - a potion of haste
 h - 2 potions of magic
 i - a potion of berserk rage
Comestibles
 d - a meat ration


   Skills:
 O Level 27 Fighting
 + Level 13.0 Axes
 + Level 26.3 Armour
 + Level 4.7 Dodging
   Level 1.0 Shields
   Level 1.0 Evocations


You had 14 spell levels left.
You didn't know any spells.

Dungeon Overview and Level Annotations

Branches:
Dungeon (1/1)

Altars:
Makhleb


Innate Abilities, Weirdness & Mutations

Your body is rotting away.
You thrive on raw meat.
You are immune to poison.
You have sharp fingernails.
You are carnivorous and can eat meat at any time.
Your flesh is cold resistant.
You are immune to negative energy.
You heal slowly when monsters are visible.
You are immune to unholy pain and torment.
You can survive without breathing.


Message History

There is a burning altar of Makhleb here.
You slash the meat berserker!
You dissect the meat berserker like a pig carcass.
You kill the meat berserker!
Makhleb accepts your kill.
You can now harness Makhleb's destructive might.
Your Axes skill gained 3 levels and is now at level 13!
Your Armour skill gained 4 levels and is now at level 26!
Your Dodging skill increases to level 4!
You have reached level 15!
Your experience leads to an increase in your attributes!
Increase (S)trength, (I)ntelligence, or (D)exterity?
You feel stronger. x2
You hear a shout!
The meat berserker rages.
You hear a shout! x3
The meat berserker rages.
You hear a shout! x6
The meat berserker hits you with a +9 battleaxe!!!
You die...

..... .. #... ..#
#... ..# .
.###... ..###.
........###......
#.. ....._.....
.... #.....#
..... #@)<._# .
......#OO..O#....
#.....).)_..Oo...
.......o###......
...###... ..###.
.. #.... ..#
#..... .#
..o.....o
...........


You could see 4 meat berserkers and 3 bags of meat.

Vanquished Creatures
  2 ogres (D)
  2 orcs (D)
4 creatures vanquished.

Notes
Turn   | Place    | Note
--------------------------------------------------------------
     0 | D        | ztt the Ghoul Wanderer began the quest for the Orb.
     0 | D        | ztt set off with: a +2 scale mail, a +0 mace, a +0 hand axe, a meat ration, a potion of curing, a potion of heal wounds, a potion of haste, 2 potions of magic, a potion of berserk rage, a scroll of blinking
     0 | D        | Reached XP level 1. HP: 22/22 MP: 0/0
     3 | D        | Noticed a bag of meat
     4 | D        | Noticed a bag of meat
     4 | D        | Became a worshipper of Makhleb the Destroyer
     5 | D        | Noticed a bag of meat
     5 | D        | Noticed a meat berserker
     5 | D        | Killed a meat berserker
     5 | D        | Reached skill level 27 in Fighting
     5 | D        | Reached XP level 2. HP: 25/69 MP: 1/1
     5 | D        | Reached XP level 3. HP: 27/77 MP: 2/2
     5 | D        | Reached XP level 4. HP: 29/85 MP: 3/3
     5 | D        | Reached XP level 5. HP: 31/93 MP: 4/4
     5 | D        | Reached XP level 6. HP: 34/102 MP: 5/5
     5 | D        | Reached XP level 7. HP: 36/110 MP: 6/6
     5 | D        | Reached XP level 8. HP: 38/118 MP: 7/7
     5 | D        | Reached XP level 9. HP: 40/126 MP: 8/8
     5 | D        | Reached XP level 10. HP: 42/135 MP: 9/9
     5 | D        | Reached XP level 11. HP: 44/143 MP: 10/10
     5 | D        | Reached XP level 12. HP: 46/151 MP: 11/11
     5 | D        | Reached XP level 13. HP: 48/159 MP: 12/12
     6 | D        | Noticed a meat berserker
     8 | D        | Noticed a meat berserker
     8 | D        | Killed a bag of meat
     8 | D        | Acquired Makhleb's first power
     8 | D        | Reached XP level 14. HP: 31/168 MP: 13/13
     8 | D        | Killed a bag of meat
     8 | D        | Reached skill level 10 in Axes
     9 | D        | Noticed a bag of meat
     9 | D        | Noticed a bag of meat
     9 | D        | Noticed a meat berserker
    10 | D        | Noticed a meat berserker
    11 | D        | Noticed a meat berserker
    11 | D        | Killed a meat berserker
    11 | D        | Acquired Makhleb's second power
    11 | D        | Reached XP level 15. HP: 33/174 MP: 14/14
    11 | D        | Mangled by a meat berserker

Vault maps used:
D:        meatsprint

Action                   |  1- 3 |  4- 6 |  7- 9 | 10-12 | 13-15 || total
-------------------------+-------+-------+-------+-------+-------++-------
Melee: Executioner's axe |     1 |       |       |       |     2 ||     3
